 Dungeon Crawl Stone Soup version bcrawl-1.13-2-g5ca86534bc (webtiles) character file.

Game seed: 13955698994034638582

373 Chiseanne the Poker (level 6, -4/51 HPs)
             Began as a Ghoul Archaeologist on Aug 1, 2019.
             Was a Priest of Lugonu.
             Slain by a troll (5 damage)
             ... on level 5 of the Dungeon.
             The game lasted 00:07:56 (3320 turns).

Chiseanne the Poker (Ghoul Archaeologist)           Turns: 3320, Time: 00:07:57

Health: -4/51      AC:  9    Str: 15    XL:     6   Next: 72%
Magic:  5/5        EV: 11    Int: 10    God:    Lugonu [***...]
Gold:   325        SH:  0    Dex: 13    Spells: 5/5 levels left

rFire    . . .     SeeInvis .   a - +13 scythe of Curses {drain, *Curse} (curse)
rCold    + . .     Gourm    .   (shield currently unavailable)
rNeg     + + +     Faith    .   w - +0 ring mail (curse)
rPois    ∞         Spirit   .   t - +0 helmet
rElec    .         Reflect  .   (no cloak)
rCorr    .         Harm     .   h - +0 pair of gloves (curse)
MR       .....                  d - +1 pair of boots
Stlth    ++........             (no amulet)
HPRegen  0.00/turn              j - +5 ring of dexterity
MPRegen  0.09/turn              (no ring)

@: rotting
A: rotting body, claws 1, carnivore, cold resistance 1, negative energy
resistance 3, inhibited regeneration, torment resistance, unbreathing
a: Depart the Abyss, Bend Space, Banish, Renounce Religion


You were on level 5 of the Dungeon.
You worshipped Lugonu.
Lugonu was most pleased with you.
You were not hungry.

You visited 1 branch of the dungeon, and saw 5 of its levels.

You collected 325 gold pieces.

Inventory:

Hand Weapons
 a - the cursed +13 scythe of Curses (weapon) {drain, *Curse} A truly terrible weapon, it drains the life of those it strikes. It curses itself when equipped. It has a curse placed upon it.
 m - a cursed +0 hunting sling
Missiles
 k - 613 stones (quivered)
 n - 366 bolts
 r - 563 arrows
 y - 15 curare-tipped needles
 z - 163 sling bullets
 A - 75 tomahawks
 D - 71 poisoned needles
Armour
 d - a +1 pair of boots (worn)
 h - a cursed +0 pair of gloves (worn)
 t - a +0 helmet (worn)
 w - a cursed +0 ring mail (worn)
Jewellery
 j - a +5 ring of dexterity (left hand)
Wands
 f - a wand of digging (7)
Scrolls
 c - a scroll of fear
 e - a scroll of teleportation
 p - a scroll of fog {unknown}
 v - 2 scrolls of remove curse
 x - a scroll of immolation
 B - 3 scrolls of blinking {unknown}
 C - a scroll of enchant armour {unknown}
 E - a scroll of identify
 G - a scroll of enchant weapon
Potions
 b - 4 potions of heal wounds
 i - a potion of lignification {unknown}
 l - 2 potions of flight {unknown}
 o - 2 potions of might {unknown}
 q - 3 potions of ambrosia {unknown}
 s - 2 potions of degeneration {unknown}
 u - 2 potions of resistance {unknown}
Comestibles
 g - 6 rations {!d}
 F - a chunk of flesh


   Skills:
 - Level 3.1 Fighting
   Level 0.8 Maces & Flails
 + Level 7.1 Polearms
 - Level 2.6 Dodging
 - Level 3.6 Stealth


You had 5 spell levels left.
You didn't know any spells.
Your spell library contained the following spells:

 Spells                   Type           Power        Failure   Level  Hunger
 Magic Dart               Conj           #...         58%         1    ##.....
 Slow                     Hex            #.......     58%         1    ##.....
 Blink                    Tloc           N/A          75%         2    ###....
 Call Imp                 Summ           #.......     75%         2    ###....
 Conjure Flame            Conj/Fire      #.......     92%         3    ####...
 Mephitic Cloud           Conj/Pois/Air  #.......     92%         3    ####...


Dungeon Overview and Level Annotations

Branches:
Dungeon (5/12)             Temple (0/1) D:5

Altars:
Elyvilon
Fedhas
Hepliaklqana
Lugonu
Okawaru
Uskayaw
Yredelemnul
Zin


Innate Abilities, Weirdness & Mutations

Your body is rotting away.
You thrive on raw meat.
You are immune to poison.
You have sharp fingernails.
You are carnivorous and can eat meat at any time.
Your flesh is cold resistant. (rC+)
You are immune to negative energy. (rN+++)
You do not regenerate when monsters are visible.
You are immune to unholy pain and torment.
You can survive without breathing.


Message History

The troll barely misses you. x2; The troll claws you!
The troll misses you. The troll claws you but does no damage.
The troll closely misses you.
You hit the troll.
The troll scowls horribly.
The troll is severely wounded.
The troll barely misses you. The troll claws you. The troll misses you.
The troll bites you!
* * * LOW HITPOINT WARNING * * *
The troll claws you but does no damage. The troll claws you.
* * * LOW HITPOINT WARNING * * *
You closely miss the troll.
The troll is heavily wounded.
An orc wizard comes into view. It is wielding a +0 dagger.
The troll bites you.
* * * LOW HITPOINT WARNING * * *
The troll claws you but does no damage. x2; The orc wizard moves out of view.
You barely miss the troll.
The troll is heavily wounded.
Your hunting sling glows black for a moment.
The troll bites you.
You die...

##...........#
######..###.#
#...##.#
#..#..#.####
.. #.......#
#.#..##.##
##....#..#
#..T#..#.#
#.....#@....#
##c>.#####..#
#.... .##
#...#. ##
...### .#


You could see a troll.

Vanquished Creatures
  A big kobold (D:4)
  2 crimson imps (D:4)
  2 hounds (D:4)
  2 orc wizards (D:2)
  An iguana (D:4)
  An adder (D:5)
  An ooze (D:2)
  2 adder skeletons (D:4)
  A worm (D:2)
  3 leopard geckos
  7 orcs
  3 ball pythons
  3 bats (D:1)
  6 giant cockroaches
  4 hobgoblins
  8 jackals (D:2)
  7 kobolds
  2 quokkas
  4 frilled lizards
  6 goblins
  3 rats
69 creatures vanquished.

Notes
Turn   | Place    | Note
-------+----------+-------------------------------------------
     0 | D:1      | Chiseanne the Ghoul Archaeologist began the quest for the
                  | Orb.
     0 | D:1      | Reached XP level 1. HP: 16/16 MP: 0/0
     3 | D:1      | Noticed an electric eel
     3 | D:1      | Noticed an electric eel
   309 | D:1      | Reached XP level 2. HP: 19/24 MP: 1/1
   912 | D:2      | Found a blossoming altar of Fedhas.
  1019 | D:2      | Found a faded altar of an unknown god.
  1025 | D:2      | Became a worshipper of Lugonu the Unformed
  1025 | D:2      | Reached * piety under Lugonu
  1025 | D:2      | Reached ** piety under Lugonu
  1040 | D:2      | Found a hide-covered altar of Uskayaw.
  1057 | D:2      | Reached XP level 3. HP: 27/31 MP: 2/2
  1100 | D:1      | Reached skill level 1 in Polearms
  1290 | D:2      | Reached skill level 3 in Polearms
  1290 | D:2      | Reached XP level 4. HP: 34/38 MP: 3/3
  1344 | D:2      | Found a white marble altar of Elyvilon.
  1587 | D:2      | Reached skill level 4 in Polearms
  1705 | D:2      | Found a basalt altar of Yredelemnul.
  1711 | D:2      | Found a glowing silver altar of Zin.
  1711 | D:2      | Found an iron altar of Okawaru.
  1759 | D:2      | Reached XP level 5. HP: 42/45 MP: 4/4
  1949 | D:2      | Found a hazy altar of Hepliaklqana.
  2815 | D:4      | Reached skill level 5 in Polearms
  2864 | D:4      | Reached *** piety under Lugonu
  3058 | D:4      | Noticed a big kobold
  3076 | D:4      | Reached skill level 6 in Polearms
  3081 | D:4      | Reached XP level 6. HP: 38/48 MP: 5/5
  3107 | D:4      | Reached skill level 7 in Polearms
  3285 | D:5      | Entered Level 5 of the Dungeon
  3307 | D:5      | Found a staircase to the Ecumenical Temple.
  3309 | D:5      | Noticed a troll
  3318 | D:5      | HP: 2/51 [troll (3)]
  3320 | D:5      | Slain by a troll

Skill      XL: |  1  2  3  4  5  6 |
---------------+-------------------+-----
Fighting       | 2 3 |  3.1
Polearms       | 3 4 6 7 |  7.1
Maces & Flails | |  0.8
Dodging        | |  2.6
Stealth        | |  3.6

Action                   |  1- 3 |  4- 6 || total
-------------------------+-------+-------++-------
Melee: Whip              |    20 |       ||    20
       Short sword       |    60 |       ||    60
       Falchion          |    37 |   135 ||   172
       Scythe            |       |    22 ||    22
  Use: Scroll            |     4 |     7 ||    11
 Stab: Distracted        |     1 |       ||     1
  Eat: Chunk             |     2 |     6 ||     8
       Ration            |       |     1 ||     1
Armor: Robe              |    26 |       ||    26
       Ring mail         |    29 |    92 ||   121
Dodge: Dodged            |    78 |   117 ||   195
